 Dungeon Crawl Stone Soup version 0.17-a0-1831-gaadb308 (webtiles) character file.

76 wvc the Changer (level 4, -4/32 HPs)
             Began as a Merfolk Transmuter on Sept 14, 2015.
             Slain by a gnoll (6 damage)
             ... on level 2 of the Dungeon.
             The game lasted 00:03:13 (1608 turns).

wvc the Changer (Merfolk Transmuter)                Turns: 1608, Time: 00:03:14

Health: -4/32      AC:  3    Str: 10    XL:     4   Next: 32%
Magic:  4/7        EV: 13    Int: 13    God:
Gold:   76         SH:  0    Dex: 14    Spells: 2 memorised, 4 levels left

rFire  . . .     SeeInvis +       - Unarmed
rCold  . . .     Clarity  .     b - +0 robe
rNeg   . . .     SustAt   .     (no shield)
rPois  .         Gourm    .     (no helmet)
rElec  .         Spirit   .     o - +0 cloak
rCorr  .         Warding  .     (no gloves)
rMut   .         Stasis   .     (no boots)
MR     .....                    (no amulet)
Stlth  +.........               (no ring)
                                i - ring of see invisible

@: not resistant to hostile enchantments, very unstealthy
A: change form in water, swift swim
a: no special abilities


You were on level 2 of the Dungeon.
You were not hungry.

You visited 1 branch of the dungeon, and saw 2 of its levels.

You collected 76 gold pieces.

Inventory:

Missiles
 a - 12 arrows
 e - 18 poisoned needles
Armour
 b - a +0 robe (worn)
 o - a +0 cloak (worn)
Jewellery
 i - a ring of see invisible (left hand)
 j - an uncursed ring of sustain attributes {unknown}
Scrolls
 f - a scroll of fog {unknown}
 g - 2 scrolls of identify
 h - a scroll of random uselessness {unknown}
 l - 2 scrolls of remove curse {unknown}
 n - a scroll of enchant armour {unknown}
Potions
 k - a potion of heal wounds
 m - a potion of lignification
Books
 c - a book of Changes

   Spells                             Type                      Level
   a - Beastly Appendage              Transmutation                1
   b - Sticks to Snakes               Transmutation                2
   c - Spider Form                    Transmutation/Poison         3
   d - Ice Form                       Ice/Transmutation            4
   e - Blade Hands                    Transmutation                5
Comestibles
 d - 3 bread rations


   Skills:
 - Level 1.1 Fighting
 - Level 2.6 Dodging
 - Level 3.2 Unarmed Combat
 - Level 2.5 Spellcasting
 - Level 4.6 Transmutations
 + Level 1.9 Poison Magic


You had 4 spell levels left.
You knew the following spells:

 Your Spells              Type           Power        Failure   Level  Hunger
a - Beastly Appendage     Trmt           ##....       4%          1    #......
b - Spider Form           Trmt/Pois      ##........   21%         3    ###....


Dungeon Overview and Level Annotations

Branches:
Dungeon (2/15)

Altars:


Message History

The gnoll barely misses you. x2
You bite the gnoll!
The gnoll looks even sicker.
The gnoll is severely wounded.
The gnoll closely misses you. The gnoll barely misses you.
You hit the gnoll.
You kill the gnoll!
The gnoll throws a stone.
The stone misses you. The gnoll hits you!
* * * LOW HITPOINT WARNING * * *
You are too injured to fight recklessly!
You are too injured to fight recklessly!
You are too injured to fight recklessly!
You are too injured to fight recklessly!
The gnoll throws a stone.
The stone barely misses you.
You see here a stone.
The gnoll throws a stone.
The stone completely misses you.
Your transformation has ended.
Your +0 cloak unmelds from your body.
Your +0 robe unmelds from your body.
You see here a stone.
You open the door. The gnoll hits you.
You die...

#....######## #.## ##..## #....#
#..# ###..####....# ##.##
........#....# . #.)#
######.......# .. ##.##
..#.....#.####... ######..#
#.#.#..##.##..... #...###.##
....#.###......#####().###..#####
..)............'@g.g)............
#......#.......#######.####..####
..####.#.###...# #.# ......
..####.#.# #...# ..# .#..###
.###.....####### ##.# #. .(..
.....#.#........ #g# .. J...#
###..#.....##... .g# ## .#..# #
#......#.# ... # #.##...#...


You could see 2 gnolls.

Vanquished Creatures
  Ijyb (D:2)
  An adder (D:2)
  2 gnolls (D:2)
  3 bats
  A giant cockroach (D:1)
  4 hobgoblins (D:1)
  4 kobolds (D:1)
  3 goblins
  4 rats (D:1)
23 creatures vanquished.

Notes
Turn   | Place    | Note
--------------------------------------------------------------
     0 | D:1      | wvc the Merfolk Transmuter began the quest for the Orb.
     0 | D:1      | Reached XP level 1. HP: 15/15 MP: 3/3
   348 | D:1      | Reached XP level 2. HP: 19/21 MP: 3/5
  1322 | D:2      | Noticed Ijyb
  1346 | D:2      | Killed Ijyb
  1346 | D:2      | Reached skill level 4 in Transmutations
  1346 | D:2      | Reached XP level 3. HP: 11/26 MP: 4/6
  1563 | D:2      | Learned a level 3 spell: Spider Form
  1600 | D:2      | Reached skill level 1 in Poison Magic
  1600 | D:2      | Reached XP level 4. HP: 12/32 MP: 3/7
  1608 | D:2      | Slain by a gnoll

Vault maps used:
D:1:      dpeg_arrival_boxorama
D:2:      uniq_robin, uniq_iyjb

Action                   |  1- 3 |  4- 6 || total
-------------------------+-------+-------++-------
Melee: Unarmed           |   108 |     3 ||   111
 Cast: Beastly Appendage |    15 |       ||    15
       Spider Form       |     1 |       ||     1
  Use: Scroll            |     3 |       ||     3
  Eat: Chunk             |     1 |       ||     1
       Meat ration       |     1 |       ||     1
